 Dungeon Crawl Stone Soup version 0.28-a0-987-g8383568036 (webtiles) character file.

Game seed: 8886384522462130834

1577 Gargoyl the Skirmisher (level 8, -2/67 HPs)
             Began as a Gnoll Abyssal Knight on Dec 4, 2021.
             Was a Priest of Lugonu.
             Succumbed to a gnoll sergeant's poison
             ... on level 5 of the Dungeon.
             The game lasted 00:08:04 (5618 turns).

Gargoyl the Skirmisher (Gnoll Abyssal Knight)       Turns: 5618, Time: 00:08:05

Health: -2/67      AC: 15    Str: 14    XL:     8   Next: 91%
Magic:  13/13      EV:  6    Int: 10    God:    Lugonu [***...]
Gold:   169        SH:  5    Dex: 19    Spells: 14/14 levels left

rFire   . . .      SeeInvis .   h - +2 quarterstaff (chaos)
rCold   . . .      Faith    .   (shield currently unavailable)
rNeg    . . .      Spirit   .   c - +1 plate armour
rPois   .          Reflect  +   (no helmet)
rElec   .          Harm     .   j - +1 cloak
rCorr   .          Rampage  .   (no gloves)
Will    .....                   (no boots)
Stlth   ..........              e - amulet of reflection
HPRegen 0.21/turn               b - +6 ring of dexterity
MPRegen 0.13/turn               p - ring of flight

@: lethally poisoned (-2 -> -36), flying
A: fangs 1, strong nose, distributed training
a: Renounce Religion, Depart the Abyss, Bend Space, Banish


You were on level 5 of the Dungeon.
You worshipped Lugonu.
Lugonu was most pleased with you.
You visited 1 branch of the dungeon, and saw 5 of its levels.
You visited the Abyss 1 time.

You collected 169 gold pieces.

Inventory:

Hand Weapons
 a - a +2 hand axe
 h - a +2 quarterstaff of chaos (weapon)
 n - a +2 long sword of holy wrath
Missiles
 d - 2 throwing nets
 o - 4 poisoned darts (quivered)
Armour
 c - a +1 plate armour (worn)
 j - a +1 cloak (worn)
Jewellery
 b - a +6 ring of dexterity (left hand)
 e - an amulet of reflection (around neck)
 p - a ring of flight (right hand)
Wands
 l - a wand of flame (12)
Scrolls
 g - a scroll of magic mapping
 k - a scroll of teleportation
Potions
 m - a potion of mutation {unknown}


   Skills:
 + Level 7.6 Fighting
 + Level 3.6 Short Blades
 + Level 3.6 Long Blades
 + Level 5.9 Axes
 + Level 3.6 Maces & Flails
 + Level 3.6 Polearms
 + Level 3.6 Staves
 + Level 3.6 Slings
 + Level 3.6 Bows
 + Level 3.6 Crossbows
 + Level 3.6 Throwing
 + Level 5.9 Armour
 + Level 4.5 Dodging
 + Level 3.6 Stealth
 + Level 3.6 Shields
 + Level 3.6 Unarmed Combat
 + Level 3.6 Spellcasting
 + Level 3.0 Conjurations
 + Level 3.0 Hexes
 + Level 3.0 Summonings
 + Level 3.0 Necromancy
 + Level 3.0 Translocations
 + Level 3.0 Transmutations
 + Level 3.0 Fire Magic
 + Level 3.0 Ice Magic
 + Level 3.0 Air Magic
 + Level 3.0 Earth Magic
 + Level 3.0 Poison Magic
 + Level 6.2 Invocations
 + Level 3.6 Evocations


You had 14 spell levels left.
You didn't know any spells.
Your spell library contained the following spells:

 Spells                   Type           Power      Damage    Failure   Level
 Apportation              Tloc           14%        N/A       99%         1
 Portal Projectile        Hex/Tloc       14%        N/A       100%        3
 Iskenderun's Mystic Bla  Conj/Tloc      7%         2d4       100%        4
 Leda's Liquefaction      Hex/Erth       3%         N/A       100%        4


Dungeon Overview and Level Annotations

Branches:
Dungeon (5/15)
 Temple: D:4-7

Altars:


Innate Abilities, Weirdness & Mutations

You have very sharp teeth.
Your uncanny sense of smell can sniff out nearby items.
Your experience applies equally to all skills.


Message History

* * * LOW HITPOINT WARNING * * *
You feel very sick.
You are confused.
You feel invigorated.
* * * LOW HITPOINT WARNING * * *
You feel very sick. The gnoll barely misses you.
* * * LOW HITPOINT WARNING * * *
You feel very sick.
You're too confused to move!
* * * LOW HITPOINT WARNING * * *
You feel very sick.
The gnoll sergeant hits you but does no damage.
You are lethally poisoned!
The gnoll hits you from afar with a +0 spear.
* * * LOW HITPOINT WARNING * * *
You feel much better.
You feel very sick.
The gnoll sergeant hits you from afar with a +1 trident of venom!
* * * LOW HITPOINT WARNING * * *
You are lethally poisoned!
The gnoll hits you but does no damage. The gnoll barely misses you.
* * * LOW HITPOINT WARNING * * *
You feel extremely sick. The gnoll sergeant barely misses you.
The gnoll hits you but does no damage. The gnoll hits you with a +0 spear.
* * * LOW HITPOINT WARNING * * *
Unknown command.
* * * LOW HITPOINT WARNING * * *
You feel extremely sick.
The gnoll sergeant hits you with a +1 trident of venom.
* * * LOW HITPOINT WARNING * * *
You are more poisoned.
The gnoll hits you but does no damage.
Unknown command.
You closely miss the gnoll sergeant.
The gnoll sergeant is almost dead.
You feel less invigorated.
You feel less confused.
You die...

#... #............# ### #...
#..........|.# #.. #...
#............# #.. #...
#............# #.. #...
#............# #..
####...###............####..
.....(....gg..........'.....
........)gg...........###...
####...####@..........# #...
#... #...........# #.#. ####
###..######## #.#. ##.# #.#.
#.## #.#. #..# #.#.
###.#########.#[
#.............#.
#...............


You could see a gnoll sergeant and 3 gnolls.

Vanquished Creatures
  Pikel (D:4)
  Menkaure (D:4)
  An ice beast (D:5)
  A necrophage (D:5)
  A phantom (D:3)
  A kobold brigand (D:3)
  Blork the orc (D:5)
  2 scorpions
  A bullfrog zombie (D:5)
  A jelly (D:3)
  2 orc priests (D:5)
  Crazy Yiuf (D:4)
  A hound (D:3)
  5 iguanas
  2 orc wizards
  A scorpion zombie (D:5)
  A gnoll (D:5)
  3 adders
  An ufetubus (D:3)
  4 dart slugs
  9 orcs
  7 ball pythons
  11 endoplasms
  3 giant cockroaches
  4 goblins
  3 hobgoblins
  2 jackals (D:3)
  2 quokkas
  4 bats
  2 frilled lizards (D:3)
  8 kobolds
  9 rats
96 creatures vanquished.

Notes
Turn   | Place    | Note
-------+----------+-------------------------------------------
     0 | Abyss:1  | Gargoyl the Gnoll Abyssal Knight began the quest for the
                  | Orb.
     0 | Abyss:1  | Reached XP level 1. HP: 23/23 MP: 3/3
    11 | Abyss:2  | Noticed a tormentor
    74 | Abyss:2  | Noticed a small abomination
    79 | Abyss:2  | Noticed a small abomination
    83 | D:1      | Escaped the Abyss
   255 | D:1      | Reached XP level 2. HP: 29/29 MP: 5/5
   400 | D:1      | Reached * piety under Lugonu
   767 | D:2      | Reached XP level 3. HP: 30/35 MP: 6/6
   842 | D:2      | Identified a scroll of acquirement
   843 | D:2      | Acquired a +6 ring of dexterity
  1016 | D:2      | Found a faded altar of an unknown god.
  1663 | D:2      | Reached skill level 1 in Short Blades
  1663 | D:2      | Reached skill level 1 in Long Blades
  1663 | D:2      | Reached skill level 1 in Maces & Flails
  1663 | D:2      | Reached skill level 1 in Polearms
  1663 | D:2      | Reached skill level 1 in Staves
  1663 | D:2      | Reached skill level 1 in Slings
  1663 | D:2      | Reached skill level 1 in Bows
  1663 | D:2      | Reached skill level 1 in Crossbows
  1663 | D:2      | Reached skill level 1 in Throwing
  1663 | D:2      | Reached skill level 1 in Stealth
  1663 | D:2      | Reached skill level 1 in Shields
  1663 | D:2      | Reached skill level 1 in Unarmed Combat
  1663 | D:2      | Reached skill level 1 in Spellcasting
  1663 | D:2      | Reached skill level 1 in Evocations
  1742 | D:2      | Reached XP level 4. HP: 38/41 MP: 7/7
  2104 | D:3      | Reached ** piety under Lugonu
  2423 | D:3      | Reached skill level 1 in Conjurations
  2423 | D:3      | Reached skill level 1 in Hexes
  2423 | D:3      | Reached skill level 1 in Summonings
  2423 | D:3      | Reached skill level 1 in Necromancy
  2423 | D:3      | Reached skill level 1 in Translocations
  2423 | D:3      | Reached skill level 1 in Transmutations
  2423 | D:3      | Reached skill level 1 in Fire Magic
  2423 | D:3      | Reached skill level 1 in Ice Magic
  2423 | D:3      | Reached skill level 1 in Air Magic
  2423 | D:3      | Reached skill level 1 in Earth Magic
  2423 | D:3      | Reached skill level 1 in Poison Magic
  2451 | D:3      | Reached XP level 5. HP: 31/47 MP: 8/8
  2808 | D:4      | Noticed a kobold brigand
  2826 | D:4      | Noticed Menkaure
  2839 | D:3      | Killed a kobold brigand
  3048 | D:3      | Reached skill level 5 in Invocations
  3048 | D:3      | Reached XP level 6. HP: 25/53 MP: 9/9
  3231 | D:4      | Killed Menkaure
  3232 | D:4      | Reached skill level 5 in Axes
  3232 | D:4      | Reached skill level 5 in Armour
  3667 | D:3      | Reached XP level 7. HP: 28/59 MP: 10/10
  3687 | D:3      | Reached skill level 7 in Fighting
  4022 | D:4      | Noticed Pikel
  4039 | D:4      | Killed Pikel
  4040 | D:4      | Reached XP level 8. HP: 28/67 MP: 12/12
  4621 | D:4      | Found a runed translucent door.
  4622 | D:4      | Noticed Crazy Yiuf
  4753 | D:4      | Killed Crazy Yiuf
  4869 | D:5      | Entered Level 5 of the Dungeon
  5035 | D:5      | Noticed Blork the orc
  5045 | D:5      | Killed Blork the orc
  5423 | D:5      | Got the Papyrus of Bewitching Displacement
  5500 | D:5      | Reached *** piety under Lugonu
  5617 | D:5      | HP: 2/67 [poisoned by a gnoll sergeant]
  5618 | D:5      | Succumbed to a gnoll sergeant's poison

Illustrated notes

Levels and vault maps discovered:
D:1:      lightli_arrival_boilingwater, layout_rooms
D:2:      layout_loops_corners, ebering_ecumenical_altar_rust, kennysheep_boxes
D:3:      layout_basic
D:4:      layout_cave_pools, uniq_pikel, uniq_menkaure, uniq_crazy_yiuf_cottage
D:5:      layout_basic, uniq_blork_the_orc

Skill      XL: |  1  2  3  4  5  6  7  8 |
---------------+-------------------------+-----
Short Blades   | 1 2 3 |  3.6
Long Blades    | 1 2 3 |  3.6
Maces & Flails | 1 2 3 |  3.6
Polearms       | 1 2 3 |  3.6
Staves         | 1 2 3 |  3.6
Slings         | 1 2 3 |  3.6
Bows           | 1 2 3 |  3.6
Crossbows      | 1 2 3 |  3.6
Throwing       | 1 2 3 |  3.6
Stealth        | 1 2 3 |  3.6
Shields        | 1 2 3 |  3.6
Unarmed Combat | 1 2 3 |  3.6
Spellcasting   | 1 2 3 |  3.6
Evocations     | 1 2 3 |  3.6
Conjurations   | 1 2 3 |  3.0
Hexes          | 1 2 3 |  3.0
Summonings     | 1 2 3 |  3.0
Necromancy     | 1 2 3 |  3.0
Translocations | 1 2 3 |  3.0
Transmutations | 1 2 3 |  3.0
Fire Magic     | 1 2 3 |  3.0
Ice Magic      | 1 2 3 |  3.0
Air Magic      | 1 2 3 |  3.0
Earth Magic    | 1 2 3 |  3.0
Poison Magic   | 1 2 3 |  3.0
Dodging        | 3 4 |  4.5
Invocations    | 5 6 |  6.2
Axes           | 5 |  5.9
Armour         | 5 |  5.9
Fighting       | 7 |  7.6

Action                   |  1- 3 |  4- 6 |  7- 9 || total
-------------------------+-------+-------+-------++-------
Melee: Hand axe          |   106 |   153 |    53 ||   312
       Bite              |    10 |    30 |    11 ||    51
       Punch             |       |     1 |       ||     1
       Quarterstaff      |       |       |    75 ||    75
Invok: Depart the Abyss  |     1 |       |       ||     1
       Bend Space        |       |       |     1 ||     1
  Use: Scroll            |     6 |     1 |     7 ||    14
       Potion            |       |     3 |     4 ||     7
Armor: Plate armour      |   131 |   149 |    72 ||   352
Dodge: Dodged            |    31 |    43 |    20 ||    94
Block: Other             |       |       |    17 ||    17
       Reflection        |       |       |     1 ||     1

Table legend: (Time is in decaauts)
 A = Elapsed time spent in this place.
 B = Non-inter-level travel time spent in this place.
 C = Inter-level travel time spent in this place.
 D = Time resting spent in this place.
 E = Time spent auto-exploring this place.
 F = Levels seen in this place.
 G = Mean time per level.
                   A        B        C        D        E       F      G
               +--------+--------+--------+--------+--------+-----+--------+
         Total |   5664 |   5578 |     86 |    691 |   3810 |   7 |  809.1 |
       Dungeon |   5581 |   5495 |     86 |    691 |   3787 |   5 | 1116.2 |
         Abyss |     82 |     82 |      0 |      0 |     23 |   2 |   41.0 |
               +--------+--------+--------+--------+--------+-----+--------+

Top non-repeatable levels by time:
     D:3: 1797 daAuts
     D:2: 1284 daAuts
     D:4: 1081 daAuts
     D:5: 757 daAuts
     D:1: 660 daAuts
 Abyss:2: 73 daAuts
 Abyss:1: 9 daAuts
